 Dungeon Crawl Stone Soup version 0.18-a0-888-gdb73dea (webtiles) character file.

41 filipzpl the Skirmisher (level 3, -1/24 HPs)
             Began as a Gargoyle Berserker on Dec 23, 2015.
             Was a Believer of Trog.
             Slain by a hound (2 damage)
             ... on level 4 of the Dungeon.
             The game lasted 00:02:50 (1222 turns).

filipzpl the Skirmisher (Gargoyle Berserker)        Turns: 1222, Time: 00:02:50

Health: -1/24      AC:  8    Str: 21    XL:     3   Next: 52%
Magic:  3/3        EV: 11    Int:  7    God:    Trog [**....]
Gold:   68         SH:  0    Dex:  9    Spells: 0 memorised, 2 levels left

rFire  . . .     SeeInvis .     h - +0 mace (crush)
rCold  . . .     Gourm    .     f - +0 ring mail
rNeg   + . .     Faith    .     (no shield)
rPois  ∞         Spirit   .     (no helmet)
rElec  +         Dismiss  .     (no cloak)
rCorr  .         Reflect  .     (no gloves)
SustAt .         Harm     .     (no boots)
MR     .....                    (no amulet)
Stlth  ..........               (no ring)
                                (no ring)

@: not resistant to hostile enchantments, extremely unstealthy
A: negative energy resistance 1, electricity resistance, unbreathing,
petrification resistance, rot immunity, AC +3
a: Berserk, Trog's Hand, Burn Spellbooks, Renounce Religion


You were on level 4 of the Dungeon.
You worshipped Trog.
Trog was pleased with you.
You were very hungry.

You visited 1 branch of the dungeon, and saw 3 of its levels.

You collected 68 gold pieces.

Inventory:

Hand Weapons
 h - a +0 mace of crushing (weapon)
Armour
 f - a +0 ring mail (worn)
Jewellery
 m - an uncursed ring of protection from magic {unknown}
Scrolls
 b - a scroll of amnesia {unknown}
 i - a scroll of identify {unknown}
 j - a scroll of remove curse {unknown}
 k - a scroll of magic mapping {unknown}
Potions
 d - a potion of brilliance {unknown}
 e - 2 potions of mutation {unknown}
 l - a potion of cancellation {unknown}
 n - a potion of beneficial mutation {unknown}
Comestibles
 a - 2 meat rations
 c - 2 bread rations
 g - a slice of pizza


   Skills:
 * Level 3.9 Fighting
 * Level 3.7 Maces & Flails
 - Level 2.3 Armour
 - Level 1.7 Dodging
 - Level 0.2 Stealth


You had 2 spell levels left.
You didn't know any spells.

Dungeon Overview and Level Annotations

Branches:
Dungeon (2/15)

Altars:

Annotations:
D:4 Dowan, Duvessa


Innate Abilities, Weirdness & Mutations

You are resistant to torment.
Your stone body is resilient (AC +3).
You are immune to poison.
You resist negative energy.
You are resistant to electric shocks.
You can survive without breathing.
You are immune to petrification.
You are immune to rotting.


Message History

The worker ant closely misses you. The worker ant bites you.
* * * LOW HITPOINT WARNING * * *
The hound bites you but does no damage. The hound bites you but does no damage.
The hound closely misses you. x2
A hobgoblin comes into view. It is wielding a club.
The hobgoblin shouts!
The hound bites you but does no damage. x2 2 goblins come into view.
The worker ant barely misses you.
A goblin and a hobgoblin come into view.
The goblin shouts!
The hobgoblin shouts!
The hound bites you.
* * * LOW HITPOINT WARNING * * *
The hound barely misses you.
A goblin comes into view.
The goblin shouts!
The hound bites you.
You die... ## ###. .. #.#.#### .gg

#.....###.gg
#.....gg...
#..@......#
#.ahh.....#
#..r......##
#.$e.......##
##............
#............
##........##
#....$...##
#####...##


You could see Duvessa, 2 hounds, a worker ant, Robin (wandering), a quokka, a
hobgoblin and 3 goblins.

Vanquished Creatures
  An ooze (D:1)
  A worm (D:2)
  4 goblins (D:1)
  4 hobgoblins (D:1)
  6 jackals
  4 bats (D:1)
  A giant cockroach (D:1)
  2 giant geckos (D:1)
  2 kobolds
  7 rats
32 creatures vanquished.

Notes
Turn   | Place    | Note
--------------------------------------------------------------
     0 | D:1      | filipzpl the Gargoyle Berserker began the quest for the Orb.
     0 | D:1      | Reached XP level 1. HP: 14/14 MP: 1/1
    41 | D:1      | Reached XP level 2. HP: 16/19 MP: 2/2
   646 | D:1      | Reached XP level 3. HP: 24/24 MP: 3/3
   658 | D:1      | Reached ** piety under Trog
  1186 | D:2      | You fall through a shaft for 2 floors!
  1195 | D:4      | Noticed Duvessa
  1204 | D:4      | Noticed Dowan
  1221 | D:4      | HP: 1/24 [hound (2)]
  1222 | D:4      | Slain by a hound

Vault maps used:
D:1:      arrival_zaba_pyramid, serial_bayou_pond_e
D:2:      good_gods_temple_1, minmay_strange_pillars, due_unseen_surprise,
          uniq_terence
D:4:      nicolae_overflow_hidden_temple, lemuel_crystal_altar,
          minmay_temple_entry_fiery, nicolae_ossuary_entry_false_entrances,
          uniq_duvessa, uniq_edmund, uniq_eustachio, uniq_robin

Action                   || total
-------------------------++-------
Melee: Mace              ||   106
